 Dungeon Crawl Stone Soup version 0.30-a0-458-g86641cc369 (webtiles) character file.

Game seed: 16269084469338906610

108 dr0g0th the Covered (level 4, 0/40 HPs)
             Began as an Armataur Fighter on Dec 14, 2022.
             Succumbed to Terence's poison
             ... on level 2 of the Dungeon.
             The game lasted 00:01:35 (1157 turns).

dr0g0th the Covered (Armataur Fighter)              Turns: 1157, Time: 00:01:36

Health: 0/40       AC:  9    Str: 22    XL:     4   Next: 58%
Magic:  4/4        EV:  9    Int:  8    God:
Gold:   76         SH:  4    Dex: 11    Spells: 3/3 levels left

rFire   . . .      SeeInvis .    a - +0 long sword
rCold   . . .      Faith    .    c - +0 buckler
rNeg    . . .      Spirit   .    e - +1 chain mail
rPois   .          Reflect  .    (no helmet)
rElec   .          Harm     .    (no cloak)
rCorr   .          Roll     +    (no gloves)
Will    .....                    (no barding)
Stlth   ..........               (no amulet)
HPRegen 0.26/turn                g - +4 ring of evasion
MPRegen 0.09/turn                (no ring)

@: lethally poisoned (0 -> -8)
A: large, rugged brown scales 3, deformed body, armoured tail, roll, long
tongue, awkward tongue
a: no special abilities


You were on level 2 of the Dungeon.
You visited 1 branch of the dungeon, and saw 2 of its levels.

You collected 76 gold pieces.

Inventory:

Hand Weapons
 a - a +0 long sword (weapon)
Armour
 b - a +0 scale mail
 c - a +0 buckler (worn)
 e - a +1 chain mail (worn)
Jewellery
 g - a +4 ring of evasion (left hand)
Scrolls
 h - a scroll of teleportation {unknown}
 i - a scroll of noise {unknown}
 j - a scroll of identify {unknown}


   Skills:
 + Level 3.0 Fighting
 + Level 3.2 Long Blades
 + Level 4.4 Armour
 + Level 3.9 Shields


You had 3 spell levels left.
You didn't know any spells.
Your spell library contained the following spells:

 Spells                   Type           Power      Damage    Failure   Level
 Ensorcelled Hibernation  Hex/Ice        0%         N/A       100%        2
 Passwall                 Tmut/Erth      0%         N/A       100%        2
 Swiftness                Air            0%         N/A       100%        3


Dungeon Overview and Level Annotations

Branches:
Dungeon (2/15)

Altars:


Innate Abilities, Weirdness & Mutations

You are completely covered in rugged brown scales. (AC +3, +7% HP)
Armour fits poorly on your strangely shaped body.
You have a long armoured tail.
You roll when moving toward enemies. (Rampage)
Your long tongue fully drains potion bottles. (2x potion effects)
Your tongue gives you trouble enunciating. (1.5x scroll delay)


Message History

You slash Terence!
Your tail-slap misses Terence.
Terence is moderately wounded.
You feel very sick.
Terence hits you with a +4 trident of venom.
You are more poisoned.
The dart slug bites you but does no damage.
You slash Terence!
Terence is almost dead.
You feel very sick.
Terence hits you with a +4 trident of venom.
You are lethally poisoned!
The dart slug launches a dart at you. The slug dart hits you.
You block Terence's attack.
Unknown command.
Okay, then.
You aren't carrying any potions.
You hit Terence but do no damage. You tail-slap Terence.
You kill Terence!
You feel extremely sick. The dart slug barely misses you.
Your Long Blades skill increases to level 3!
You are too injured to fight recklessly!
You are too injured to fight recklessly!
You hit the dart slug.
The dart slug is severely wounded.
* * * LOW HITPOINT WARNING * * *
You feel very sick. The dart slug closely misses you.
You hit the dart slug.
You kill the dart slug!
* * * LOW HITPOINT WARNING * * *
You feel very sick.
* * * LOW HITPOINT WARNING * * *
You feel very sick.
You see here a dart slug corpse.
There is a lethal amount of poison in your body!
As you slowly read the scroll labelled MEMNOU KU MIY, it crumbles to dust.
It is a scroll of enchant armour.
Your +0 chain mail glows green for a moment.
You die...

#>.....#.#
#.#..#...#
#.##.....#
#.####...##
#.# ##...# #.#
#...# ###'###
##..###### ###
#.....#
##...)..# #..
#.....#
###@.### ###
#.....# ##.#
#.....# ...
### #.....#
#### #..
###.###
######### #.#
#........ #.#
########.####.
######.##
.........####.
#.......#
#######......#


There were no monsters in sight!

Vanquished Creatures
  Terence (D:2)
  Robin (D:2)
  An adder (D:2)
  5 dart slugs
  A bat (D:1)
  4 endoplasms
  3 giant cockroaches (D:2)
  6 hobgoblins
  3 kobolds (D:1)
  A quokka (D:2)
  A ball python (D:2)
  4 frilled lizards
  12 goblins
  8 rats
51 creatures vanquished.

Notes
Turn   | Place    | Note
-------+----------+-------------------------------------------
     0 | D:1      | dr0g0th the Armataur Fighter began the quest for the Orb.
     0 | D:1      | Reached XP level 1. HP: 19/19 MP: 1/1
   202 | D:1      | Reached XP level 2. HP: 24/26 MP: 2/2
   303 | D:1      | Reached skill level 4 in Armour
   441 | D:1      | Found a faded altar of an unknown god.
   646 | D:1      | Reached XP level 3. HP: 33/33 MP: 3/3
  1008 | D:2      | Noticed Robin
  1032 | D:2      | Killed Robin
  1033 | D:2      | Reached XP level 4. HP: 18/40 MP: 4/4
  1149 | D:2      | Noticed Terence
  1153 | D:2      | Killed Terence
  1156 | D:2      | HP: 2/40 [poisoned by Terence]
  1157 | D:2      | Succumbed to Terence's poison

Illustrated notes

Levels and vault maps discovered:
D:1:      dpeg_arrival_radiant, layout_basic,
          shapermc_ecumenical_altar_totnotflames
D:2:      layout_basic, basic_altar, uniq_robin, uniq_crazy_yiuf_cottage,
          uniq_terence

Skill      XL: |  1  2  3  4 |
---------------+-------------+-----
Long Blades    | 2 3 |  3.2
Armour         | 4 |  4.4
Fighting       | 3 |  3.0
Shields        | |  3.9

Action                   |  1- 3 |  4- 6 || total
-------------------------+-------+-------++-------
Melee: Long sword        |   132 |    10 ||   142
       Tailslap          |    11 |     1 ||    12
  Use: Potion            |     1 |       ||     1
       Scroll            |       |     1 ||     1
Armor: Chain mail        |    67 |     3 ||    70
Dodge: Dodged            |    61 |     3 ||    64
Block: Buckler           |    25 |     2 ||    27

Table legend: (Time is in decaauts)
 A = Elapsed time spent in this place.
 B = Non-inter-level travel time spent in this place.
 C = Inter-level travel time spent in this place.
 D = Time resting spent in this place.
 E = Time spent auto-exploring this place.
 F = Levels seen in this place.
 G = Mean time per level.
                   A        B        C        D        E       F      G
               +--------+--------+--------+--------+--------+-----+--------+
         Total |   1200 |   1189 |     11 |     54 |    846 |   2 |  600.0 |
       Dungeon |   1200 |   1189 |     11 |     54 |    846 |   2 |  600.0 |
               +--------+--------+--------+--------+--------+-----+--------+

Top non-repeatable levels by time:
     D:1: 745 daAuts
     D:2: 455 daAuts
